[Event "*** Titled Tuesday Blitz"]
[Site "Chess.com"]
[Date "2018.05.01"]
[Round "4"]
[White "MasterLeif"]
[Black "FearNoEvil12"]
[Result "0-1"]
[WhiteElo "2400"]
[BlackElo "1971"]
[TimeControl "180+2"]
[EndTime "13:50:44 PDT"]
[Termination "FearNoEvil12 won on time"]

1. e4 a6 2. Bc4 e6 3. Nc3 b5 4.
Bb3 Bb7 5. d3 Nf6 6. Nf3 d6 7.
O-O Nbd7 8. a4 b4 9. Nb1 h6 10. Nbd2 g5 11. a5 g4 12. Nh4 h5 13. Re1 Nh7 14. g3 Be7 15. Ng2 Ng5 16. Qe2 Ne5 17. Rd1 Ngf3+ 18. Kh1 h4 19. Nf1 hxg3 20. fxg3 Nxh2 21.
Nxh2 Nf3 22. Nf4 Kd7 23. Be3 Rxh2+ 24. Qxh2 Nxh2 25. Kxh2 e5 26. Nd5 Qh8+ 27. Kg1 Qh3 28. Kf2 Qh2+ 29. Ke1 Rh8 30. Bf2 Qg2 31. Ke2 Qf3+ 32.
Ke1 Rh1+ 33. Bg1 Bxd5 34. Bxd5 Qe3+ 0-1

[Event "*** Titled Tuesday Blitz"]
[Site "Chess.com"]
[Date "2018.05.01"]
[Round "4"]
[White "ruvat"]
[Black "Pudor"]
[Result "0-1"]
[WhiteElo "2233"]
[BlackElo "2230"]
[TimeControl "180+2"]
[EndTime "13:50:45 PDT"]
[Termination "Pudor won by resignation"]

1. d4 Nf6 2. c4 d6 3. Nf3 g6 4. g3 Bg7 5. Bg2 O-O 6. O-O Nbd7 7. Nc3 e5 8. e4 exd4 9. Nxd4 Re8 10. h3 Nc5 11.
Re1 a5 12. Ndb5 Bd7 13. Bf4 Bc6 14. Qc2 Qe7 15. f3 Nh5 16. Qd2 Nxf4 17. gxf4 Bh6 18.
Nd4 Qh4 19. Nce2 Ne6 20. Nxe6 fxe6 21. Qe3 e5 22. Qf2 Qxf2+ 23. Kxf2 exf4 24. Nd4 Bd7 25. Rad1 Bg7 26. b3 a4 27. b4 a3 28. Nb5 Bxb5 29. cxb5 Bc3 30. Rb1 Bxe1+ 31. Kxe1 Re5 32. Bf1 Kg7 33. Kf2 d5 34. Rc1 Rc8 35. Rc5 b6 36. Rxd5 Rxd5 37. exd5 Kf6 0-1

[Event "*** Titled Tuesday Blitz"]
[Site "Chess.com"]
[Date "2018.05.01"]
[Round "4"]
[White "lolo9292"]
[Black "Perecke"]
[Result "1-0"]
[WhiteElo "1808"]
[BlackElo "1949"]
[TimeControl "180+2"]
[EndTime "13:50:48 PDT"]
[Termination "lolo9292 won by resignation"]

1. e4 e5 2. Nf3 Nc6 3. Bb5 a6 4. Bc4 Bc5 5. O-O Nf6 6. c3 d5 7. exd5 Nxd5 8. d4 exd4 9. Re1+ Be7 10. Nxd4 O-O 11. Nxc6 bxc6 12. Nd2 Be6 13. Nf3 Bd6 14. Nd4 Qd7 15. Nxe6 fxe6 16. Qg4 Rae8 17. Bg5 Qf7 18. Re2 Bf4 19. Bxf4 Nxf4 20. Re3 h5 21. Qf3 Nd5 22.
Qxf7+ Rxf7 23. Re5 Rf6 24. Rxh5 Ref8 25. f3 Rf4 26.
Bxa6 Ne3 27. Re5 Nf5 28. Rxe6 Kf7 29. Rxc6 Ne3 30. Be2 Rf5 31. Rxc7+ Kg6 32. Bd3 1-0

[Event "*** Titled Tuesday Blitz"]
[Site "Chess.com"]
[Date "2018.05.01"]
[Round "4"]
[White "gmjlh"]
[Black "GMSrinath"]
[Result "1-0"]
[WhiteElo "2623"]
[BlackElo "2747"]
[TimeControl "180+2"]
[EndTime "13:50:54 PDT"]
[Termination "gmjlh won by resignation"]

1. d4 Nf6 2. Nf3 e6 3. g3 d5 4.
c4 Be7 5. Bg2 O-O 6. O-O dxc4 7.
Ne5 Nc6 8. Nxc6 bxc6 9. Na3 Bxa3 10. bxa3 Nd5 11. Qa4 Nb6 12. Qa5 Rb8 13. Rd1 Qe7 14.
Bg5 f6 15. Bd2 Nd5 16. e4 c3 17. Be1 Rb5 18. Qxa7 Bb7 19. a4 Ra8 20. Qxa8+ Bxa8 21. axb5 Nb6 22. bxc6 Qa3 23. d5 exd5 24. exd5 c2 25.
Rdc1 Qb2 26. Bd2 Qe5 27. Bf4 Qd4 28. Be3 Qe5 29. Bxb6 cxb6 30. a4 Kf8 31. Ra2 1-0

[Event "*** Titled Tuesday Blitz"]
[Site "Chess.com"]
[Date "2018.05.01"]
[Round "4"]
[White "amatatanav"]
[Black "LisikValera"]
[Result "1-0"]
[WhiteElo "2412"]
[BlackElo "2418"]
[TimeControl "180+2"]
[EndTime "13:51:04 PDT"]
[Termination "amatatanav won by resignation"]

1. e4 e6 2. Nc3 d5 3. d4 Bb4 4.
a3 Bxc3+ 5. bxc3 Ne7 6. Bd3 b6 7. Qg4 O-O 8. e5 Ba6 9. Nf3 Bxd3 10. cxd3 c5 11. h4 Nbc6 12. h5 cxd4 13. Bh6 g6 14. hxg6 Nxg6 15. Bg5 f6 16. Qxe6+ Rf7 17. Bxf6 Qe8 18.
Qxd5 Nce7 19. Bxe7 Nxe7 20. Qxd4 Rd8 21. Qe4 Ng6 22.
d4 Qb5 23. Rc1 Nf4 24. Ng5 Nd3+ 25. Kd2 Rxf2+ 26. Ke3 Re2+ 27. Kxe2 Nc5+ 28. c4 Qb2+ 29. Qc2 1-0

[Event "*** Titled Tuesday Blitz"]
[Site "Chess.com"]
[Date "2018.05.01"]
[Round "4"]
[White "EmreDedebas"]
[Black "MatthewG-p4p"]
[Result "0-1"]
[WhiteElo "2392"]
[BlackElo "2611"]
[TimeControl "180+2"]
[EndTime "13:51:11 PDT"]
[Termination "MatthewG-p4p won by resignation"]

1. d4 Nf6 2. Nf3 c5 3. d5 e6 4. Nc3 b5 5. dxe6 fxe6 6. e4 b4 7.
e5 bxc3 8. exf6 Qxf6 9. Bg5 Qf7 10. bxc3 Bb7 11. Be2 Nc6 12. Rb1 Rb8 13. Bb5 Rc8 14.
Be2 Ba8 15. Ba6 Rb8 16. Ne5 Rxb1 17. Qxb1 Qf5 18. Nxc6 Bxc6 19. Qb8+ Kf7 20. Qg3 Bd6 21. Qxd6 Qxg5 22. Rg1 Qc1+ 23. Qd1 Qa3 24. Bd3 Qxc3+ 25. Ke2 Rb8 26. Qc1 Qe5+ 27. Kf1 Rb4 28. h3 c4 29. Be2 c3 30. Bd3 Bb5 31. Bxb5 Qxb5+ 32.
Ke1 Rb1 0-1

[Event "*** Titled Tuesday Blitz"]
[Site "Chess.com"]
[Date "2018.05.01"]
[Round "4"]
[White "MartinMatthiesen"]
[Black "Caisachess"]
[Result "1-0"]
[WhiteElo "2364"]
[BlackElo "2165"]
[TimeControl "180+2"]
[EndTime "13:51:13 PDT"]
[Termination "MartinMatthiesen won by resignation"]

1. d4 Nf6 2. c4 e6 3. Nc3 Bb4 4. Qc2 O-O 5. Nf3 c5 6. dxc5 Na6 7. g3 Nxc5 8. Bg2 b6 9. O-O Bb7 10.
Nb5 Nce4 11. Ng5 d5 12. cxd5 exd5 13. a3 Rc8 14. Qa4 Bc5 15. b4 Be7 16. Qxa7 Bc6 17.
Nd4 Ra8 18. Nxc6 Rxa7 19. Nxd8 Rxd8 20. Nxe4 dxe4 21. Be3 Nd5 22. Bd4 f5 23. g4 Rad7 24. gxf5 Nf4 25. Bxb6 Nxe2+ 26. Kh1 Rb8 27. Be3 Nc3 28. Rfc1 Bf6 29. Rc2 Rb5 30. Rac1 Rxf5 31.
Bh3 Rfd5 32. Bxd7 Rxd7 33. Rxc3 1-0

[Event "*** Titled Tuesday Blitz"]
[Site "Chess.com"]
[Date "2018.05.01"]
[Round "4"]
[White "JozefKneht"]
[Black "wadsy27"]
[Result "1-0"]
[WhiteElo "2397"]
[BlackElo "2241"]
[TimeControl "180+2"]
[EndTime "13:51:15 PDT"]
[Termination "JozefKneht won by resignation"]

1. e4 c5 2. Nf3 e6 3. d4 cxd4 4. Nxd4 Nc6 5. Nc3 Qc7 6. Be2 a6 7. O-O Nf6 8. Kh1 h5 9. f4 Nxd4 10. Qxd4 Bc5 11. Qd3 Ng4 12. e5 b5 13. Bf3 Bb7 14.
Bxb7 Qxb7 15. Ne4 Rc8 16. Qf3 Qc6 17. Bd2 f5 18. exf6 gxf6 19. Bc3 Be7 20. a3 d5 21. Ng3 h4 22. Qxg4 hxg3 23. Qxg3 Kd7 24. Qf3 Rcg8 25. Rad1 Qd6 26. h3 Rh7 27. f5 Ke8 28.
fxe6 Qxe6 29. Rde1 Qd6 30. Bb4 Qc6 31. Qxf6 Qxf6 32. Rxf6 Rhg7 33. Rfe6 Rxg2 34. Rxe7+ Kd8 35. Re8+ 1-0

[Event "*** Titled Tuesday Blitz"]
[Site "Chess.com"]
[Date "2018.05.01"]
[Round "4"]
[White "Gogolev_Artemy"]
[Black "r31415"]
[Result "1-0"]
[WhiteElo "2449"]
[BlackElo "2199"]
[TimeControl "180+2"]
[EndTime "13:51:16 PDT"]
[Termination "Gogolev_Artemy won by checkmate"]

1. Nf3 d6 2. d4 g6 3. b3 Bg7 4. Bb2 f5 5. g3 Nf6 6. Bg2 O-O 7.
O-O c6 8. Nbd2 Qe8 9. Re1 Nh5 10. e4 f4 11. e5 d5 12. e6 Na6 13. c4 Nc7 14. cxd5 cxd5 15. Rc1 Qd8 16. Ng5 Nb5 17.
Ndf3 Qb6 18. a4 Nd6 19. Ne5 h6 20. Ngf7 Nxf7 21. exf7+ Kh7 22. Bxd5 fxg3 23. hxg3 e6 24. Be4 Nxg3 25. Bxg6+ Kh8 26. fxg3 Bxe5 27. Rxe5 Bd7 28. Re3 Bc6 29. d5+ e5 30. Bxe5# 1-0

[Event "*** Titled Tuesday Blitz"]
[Site "Chess.com"]
[Date "2018.05.01"]
[Round "4"]
[White "HarutyunianTigranK"]
[Black "Korchmar_Vasiliy"]
[Result "1/2-1/2"]
[WhiteElo "2729"]
[BlackElo "2722"]
[TimeControl "180+2"]
[EndTime "13:51:20 PDT"]
[Termination "Game drawn by repetition"]

1. c4 e5 2. Nc3 Nf6 3. Nf3 Nc6 4. e3 Bb4 5. Qc2 Bxc3 6. Qxc3 Qe7 7. d4 exd4 8. Nxd4 Nxd4 9. Qxd4 O-O 10. Be2 Rd8 11. O-O d5 12. c5 b6 13. b4 a5 14. cxb6 cxb6 15. bxa5 bxa5 16. a4 Ba6 17. Bxa6 Rxa6 18. Ba3 Qe6 19. Rfc1 h6 20. Rab1 Rc6 21. h3 Rdc8 22.
Rxc6 Rxc6 23. Rb5 Qf5 24. e4 Nxe4 25. Rxd5 Qf4 26. f3 Rc4 27. Qd3 Rc1+ 28. Bxc1 Qxc1+ 29. Qd1 Qe3+ 30. Kh2 Qf4+ 31. Kg1 Qe3+ 32. Kh2 Qf4+ 33. Kg1 Qe3+ 34. Kh2 Qf4+ 35. Kg1 Qe3+ 36. Kh2 Qf4+ 37. Kg1 Qe3+ 1/2-1/2

[Event "*** Titled Tuesday Blitz"]
[Site "Chess.com"]
[Date "2018.05.01"]
[Round "4"]
[White "rubhani"]
[Black "Keaton87"]
[Result "0-1"]
[WhiteElo "2426"]
[BlackElo "2460"]
[TimeControl "180+2"]
[EndTime "13:51:21 PDT"]
[Termination "Keaton87 won by resignation"]

1. e4 c5 2. Nf3 d6 3. d4 Nf6 4.
Nc3 cxd4 5. Nxd4 g6 6. Be3 Bg7 7. f3 O-O 8. Qd2 Nc6 9. O-O-O d5 10. Qe1 e5 11. Nxc6 bxc6 12. exd5 Nxd5 13. Bc4 Be6 14.
Bc5 Re8 15. Kb1 Rb8 16. Bb3 Qc7 17. Ne4 Red8 18. h4 h6 19. c4 Nf4 20. Bd6 Rxd6 21. Nxd6 Nxg2 22. Qd2 Nf4 23. Rhe1 c5 24. Ne4 f5 25.
Nc3 Bf6 26. h5 g5 27. Nb5 Qc6 28. Qd6 Qxd6 29. Rxd6 Kf7 30. Ra6 Nxh5 31. Rh1 Nf4 32. Rxh6 Kg7 33. Rh1 g4 34. fxg4 fxg4 35. Nc7 Bf5+ 36.
Bc2 Nd3 37. Nb5 e4 38. Nd6 Rxb2+ 0-1

[Event "*** Titled Tuesday Blitz"]
[Site "Chess.com"]
[Date "2018.05.01"]
[Round "4"]
[White "MartinZumsande"]
[Black "chessking2151"]
[Result "1-0"]
[WhiteElo "2515"]
[BlackElo "2417"]
[TimeControl "180+2"]
[EndTime "13:51:21 PDT"]
[Termination "MartinZumsande won by resignation"]

1. e4 c5 2. Nf3 e6 3. c3 Nf6 4. e5 Nd5 5. Bc4 Nc6 6. d4 cxd4 7. cxd4 d6 8. O-O Be7 9. Re1 O-O 10. exd6 Bxd6 11.
Nc3 h6 12. a3 Nf6 13. Be3 Na5 14. Ba2 Bd7 15. Ne5 Nc6 16. Bf4 Bb8 17. Qd3 Nh5 18.
Bb1 f5 19. Nxc6 Bxc6 20. Bxb8 Rxb8 21. Ba2 Qg5 22. Bxe6+ Kh8 23. d5 Rbd8 24. Qe3 f4 25.
Qe5 Qg6 26. dxc6 f3 27. g3 Nf4 28. c7 Rde8 29. c8=Q Nxe6 30. Qcxe6 Rxe6 31. Qxe6 1-0

[Event "*** Titled Tuesday Blitz"]
[Site "Chess.com"]
[Date "2018.05.01"]
[Round "4"]
[White "joejan"]
[Black "PawnEatingZombie"]
[Result "1-0"]
[WhiteElo "2155"]
[BlackElo "1988"]
[TimeControl "180+2"]
[EndTime "13:51:21 PDT"]
[Termination "joejan won by resignation"]

1. e4 c5 2. Nc3 e6 3. f4 d5 4. Bb5+ Bd7 5. Bxd7+ Qxd7 6. d3 Nc6 7. Nf3 dxe4 8.
dxe4 Qxd1+ 9. Nxd1 Nf6 10. Nf2 Nb4 11. Kd1 Rd8+ 12. Bd2 Be7 13. a3 Nc6 14. Ke2 O-O 15.
Be3 b6 16. g4 h5 17. h3 hxg4 18. hxg4 g6 19. c3 Rd7 20. b4 Rfd8 21. Rhd1 Rxd1 22.
Rxd1 Rxd1 23. Kxd1 Kf8 24. Kc2 Ke8 25. Kd3 Nd7 26.
Kc4 cxb4 27. cxb4 Kd8 28. Nd3 Ke8 29. Kb5 Ncb8 30. a4 a6+ 31. Kc4 f6 32. b5 a5 33.
Nd4 Kf7 34. Nc6 Bd6 35. e5 fxe5 36. fxe5 Bc7 37. Bd4 g5 38. Nf2 Nxc6 39. bxc6 Nxe5+ 40. Bxe5 Bxe5 41. Kb5 Bc7 42. Ka6 Ke7 43. Kb7 Kd6 44. Ne4+ 1-0

[Event "*** Titled Tuesday Blitz"]
[Site "Chess.com"]
[Date "2018.05.01"]
[Round "4"]
[White "tomozupan"]
[Black "DishonorOnYourCow"]
[Result "1-0"]
[WhiteElo "2151"]
[BlackElo "2301"]
[TimeControl "180+2"]
[EndTime "13:51:24 PDT"]
[Termination "tomozupan won by resignation"]

1. d4 Nf6 2. Bg5 Ne4 3. Bf4 d5 4. f3 Nf6 5. e4 dxe4 6. Nc3 exf3 7. Nxf3 e6 8. Bc4 Bd6 9. Qd2 Bxf4 10. Qxf4 O-O 11. O-O-O c6 12. Bd3 b5 13. Ne4 Nxe4 14. Qxe4 f5 15. Qe2 Na6 16. Ne5 Nb4 17. Kb1 Qc7 18.
Rhe1 Nxd3 19. Qxd3 a5 20. g4 b4 21. Qc4 Qd6 22.
gxf5 Rxf5 23. Qxc6 Qxc6 24. Nxc6 Rf7 25. d5 Bb7 26.
dxe6 Rf2 27. Nd8 Bf3 28. e7 1-0

[Event "*** Titled Tuesday Blitz"]
[Site "Chess.com"]
[Date "2018.05.01"]
[Round "4"]
[White "evgenysharapov"]
[Black "Alopekos"]
[Result "1-0"]
[WhiteElo "2289"]
[BlackElo "2318"]
[TimeControl "180+2"]
[EndTime "13:51:25 PDT"]
[Termination "evgenysharapov won by resignation"]

1. e4 e5 2. Nf3 Nc6 3. Bb5 a6 4. Ba4 Nf6 5. O-O b5 6. Bb3 Bc5 7. c3 d6 8. d4 Bb6 9. h3 O-O 10. Bg5 h6 11. Bh4 Bb7 12. Nbd2 exd4 13. cxd4 Nxd4 14.
Nxd4 Bxd4 15. Qc2 Re8 16. Rac1 c5 17. Bd5 Bxd5 18. exd5 g5 19. Bg3 Nxd5 20. Nf3 Nb4 21. Qd2 Nc6 22. b4 Qf6 23. bxc5 dxc5 24. Nxd4 Nxd4 25.
Rfe1 c4 26. Kh1 Nf5 27. Qd7 Nxg3+ 28. fxg3 Rxe1+ 29. Rxe1 Rd8 30. Qc7 Qd6 31. Re8+ Kg7 32.
Qxd8 Qxd8 33. Rxd8 c3 34. Rc8 b4 35. a3 a5 36.
axb4 axb4 37. Rc4 Kf6 38. Rxb4 Ke5 39. Rc4 1-0

[Event "*** Titled Tuesday Blitz"]
[Site "Chess.com"]
[Date "2018.05.01"]
[Round "4"]
[White "AndrewDGreen"]
[Black "AndrewMcStone"]
[Result "1-0"]
[WhiteElo "2160"]
[BlackElo "2063"]
[TimeControl "180+2"]
[EndTime "13:51:29 PDT"]
[Termination "AndrewDGreen won by checkmate"]

1. d4 Nf6 2. Nf3 c5 3. d5 e6 4. Nc3 exd5 5. Nxd5 Nxd5 6. Qxd5 Nc6 7.
e4 Be7 8. Bb5 O-O 9. O-O Qb6 10.
Bc4 d6 11. Bb3 Be6 12. Qd3 Ne5 13. Nxe5 dxe5 14. Bxe6 Qxe6 15. Be3 Rfd8 16. Qc3 b6 17. a4 Rd7 18. a5 Rad8 19. axb6 axb6 20. h3 h6 21. b3 Bg5 22. Bxg5 hxg5 23. Qe3 f6 24.
Ra6 Rd4 25. c3 Rd3 26. Qxc5 bxc5 27. Rxe6 Rxc3 28. Rc6 Rb8 29. Rd1 Rbxb3 30. Rd7 Rd3 31. Re7 Rd4 32. Rcc7 Rxe4 33. Rxg7+ Kh8 34. Rh7+ Kg8 35.
Rhg7+ Kf8 36. Rgf7+ Ke8 37. Rh7 Re1+ 38. Kh2 Kd8 39.
Rcg7 Kc8 40. Rg8# 1-0

[Event "*** Titled Tuesday Blitz"]
[Site "Chess.com"]
[Date "2018.05.01"]
[Round "4"]
[White "Karina_Oparina"]
[Black "AsaHoffmann"]
[Result "1-0"]
[WhiteElo "2101"]
[BlackElo "1903"]
[TimeControl "180+2"]
[EndTime "13:51:31 PDT"]
[Termination "Karina_Oparina won by resignation"]

1. Nf3 d6 2. d4 Bg4 3. c4 Nd7 4. Nc3 e5 5. h3 Bxf3 6. exf3 exd4 7. Qxd4 Ngf6 8. Bg5 Be7 9. O-O-O O-O 10. g4 a5 11.
h4 Nc5 12. Bd3 h6 13. Be3 Nfd7 14. Nd5 Bf6 15. Nxf6+ Qxf6 16. Bc2 b6 17. g5 Qxd4 18. Bxd4 h5 19. f4 Rfe8 20. g6 f6 21. Rhe1 Kf8 22.
f3 Rxe1 23. Rxe1 Re8 24. Rxe8+ Kxe8 25. Kd2 Nf8 26. f5 Nfd7 27. f4 Ke7 28. Ke3 c6 29. Bd1 d5 30. cxd5 cxd5 31. Bxh5 Ne4 32. Be2 Nd6 33.
Bd3 Nc5 34. Bc2 Nce4 35. Bxe4 dxe4 36. b3 Nxf5+ 37. Kxe4 Nxh4 38. f5 b5 39. a4 bxa4 40. bxa4 Kd6 41. Bxf6 1-0

[Event "*** Titled Tuesday Blitz"]
[Site "Chess.com"]
[Date "2018.05.01"]
[Round "4"]
[White "Jbd735"]
[Black "Kangoroo3000"]
[Result "0-1"]
[WhiteElo "2342"]
[BlackElo "2430"]
[TimeControl "180+2"]
[EndTime "13:51:33 PDT"]
[Termination "Kangoroo3000 won on time"]

1. e4 e6 2. d4 d5 3. Nc3 Bb4 4. e5 c5 5. a3 Bxc3+ 6. bxc3 Ne7 7. Nf3 Qc7 8. Bd3 b6 9. O-O Ba6 10. a4 Bxd3 11. cxd3 Nd7 12. a5 O-O 13. Qa4 bxa5 14. Qxa5 Qxa5 15. Rxa5 Nc6 16. Ra6 Rfc8 17. Be3 cxd4 18.
Bxd4 Nxd4 19. cxd4 h6 20. Rfa1 Rc7 21. Kf1 Kf8 22.
Ke2 Ke7 23. Ke3 Nb8 24. R6a3 Nc6 25. Ra6 Nb4 26. Nd2 Nc2+ 27. Kf4 Nxa1 28. Rxa1 Rb8 29. Ra3 Rb2 30. Ke3 Rcb7 31. g4 R2b5 32. f4 a5 33. f5 Kd7 34. h4 Ke7 35. Kf4 Rc7 36. Ke3 Rc1 37. Nf3 Rcb1 38. Nd2 Rg1 0-1

[Event "*** Titled Tuesday Blitz"]
[Site "Chess.com"]
[Date "2018.05.01"]
[Round "4"]
[White "FearlessKing64"]
[Black "MattyDPerrine"]
[Result "0-1"]
[WhiteElo "2172"]
[BlackElo "2296"]
[TimeControl "180+2"]
[EndTime "13:51:33 PDT"]
[Termination "MattyDPerrine won by resignation"]

1. e4 c5 2. Nf3 e6 3. c4 a6 4. Nc3 Qc7 5. Be2 d6 6. d4 cxd4 7. Nxd4 Nf6 8. Be3 b6 9. Rc1 Bb7 10. f3 Nbd7 11. Qd2 Rc8 12. O-O Be7 13. Rfd1 O-O 14. Bf1 Qb8 15. Qf2 Bd8 16. Kh1 Bc7 17. Qg1 Kh8 18. b4 Rg8 19. Nb3 g5 20. h3 h5 21. Na4 g4 22. hxg4 hxg4 23. Qh2+ Nh7 24. Bd3 gxf3 25. e5 f5 26. exf6 Nxf6 27. Nd4 d5 28. Qh6 fxg2+ 29. Kg1 Bh2+ 30. Kf2 Ng4+ 0-1

[Event "*** Titled Tuesday Blitz"]
[Site "Chess.com"]
[Date "2018.05.01"]
[Round "4"]
[White "platy3"]
[Black "AnishGiri"]
[Result "0-1"]
[WhiteElo "2673"]
[BlackElo "2869"]
[TimeControl "180+2"]
[EndTime "13:51:37 PDT"]
[Termination "AnishGiri won by resignation"]

1. e4 e5 2. Nf3 Nc6 3. Bb5 a6 4. Ba4 Nf6 5. O-O Be7 6. Re1 b5 7. Bb3 O-O 8. c3 d5 9. exd5 Nxd5 10. Nxe5 Nxe5 11. Rxe5 c6 12. d3 Bd6 13. Re1 Qh4 14.
g3 Qh3 15. Re4 Nf6 16. Rh4 Qf5 17. Nd2 Ng4 18. Qf3 Qg6 19. Qxc6 Nxf2 20. Qxa8 Nxd3 21.
Ne4 Be7 22. Bg5 Qb6+ 23. Kg2 Bb7 24. Bxf7+ Kh8 25. Qxf8+ Bxf8 26. Rd1 Qf2+ 27. Kh3 Qf5+ 28. g4 Qf3+ 0-1

[Event "*** Titled Tuesday Blitz"]
[Site "Chess.com"]
[Date "2018.05.01"]
[Round "4"]
[White "Artur0208"]
[Black "pultineviciuspaulius"]
[Result "1-0"]
[WhiteElo "2441"]
[BlackElo "2532"]
[TimeControl "180+2"]
[EndTime "13:51:37 PDT"]
[Termination "Artur0208 won by resignation"]

1. d4 Nf6 2. c4 e6 3. Nf3 d5 4. Nc3 Nbd7 5. Bg5 Be7 6. e3 h6 7. Bh4 O-O 8. Be2 c6 9. O-O b6 10. cxd5 exd5 11. Rb1 Bd6 12. b4 a6 13. a4 Bb7 14. a5 bxa5 15. bxa5 Ra7 16. Qa4 c5 17. dxc5 Nxc5 18. Qd4 Ra8 19. Rfd1 g5 20. Bg3 Ne6 21.
Qb6 Bxg3 22. hxg3 Rb8 23. Nd4 Nxd4 24. Qxd4 Qe7 25. Rb6 Kg7 26. Bxa6 Bxa6 27. Nxd5 Rxb6 28. Nxe7 Re6 29. Nf5+ Kg6 30. g4 Rc8 31. f3 Rc2 32. Qd8 Rec6 33. Ne7+ Kg7 34. Nxc6 Rxc6 35. Rd6 Rc1+ 36.
Kh2 Ng8 37. Rxa6 1-0

[Event "*** Titled Tuesday Blitz"]
[Site "Chess.com"]
[Date "2018.05.01"]
[Round "4"]
[White "Supernotar"]
[Black "daro94"]
[Result "0-1"]
[WhiteElo "2495"]
[BlackElo "2722"]
[TimeControl "180+2"]
[EndTime "13:51:46 PDT"]
[Termination "daro94 won by checkmate"]

1. d4 Nf6 2. c4 e6 3. Nf3 Bb4+ 4. Nbd2 O-O 5. g3 b6 6. Bg2 Bb7 7. O-O a5 8. Qc2 Bxd2 9. Bxd2 Be4 10. Qc1 d6 11.
Bc3 Nbd7 12. b3 Qc8 13. Ne1 Bxg2 14. Nxg2 Qb7 15. Qc2 Rfe8 16. a3 Rac8 17. Nf4 h6 18. b4 axb4 19. axb4 Ra8 20. Bb2 b5 21. cxb5 Qxb5 22.
Qxc7 Qxb4 23. Bc3 Qb6 24. Qxb6 Nxb6 25. Rxa8 Rxa8 26. Ra1 Rc8 27. Ra3 Ne4 28. Bb4 Rc4 29. Ba5 Rc1+ 30. Kg2 Nc4 31. Ra2 g5 32. Nd3 Rb1 33.
Be1 Kg7 34. g4 Kg6 35. h3 h5 36. Rc2 d5 37. Ne5+ Nxe5 38. dxe5 Rxe1 39. f3 Nc3 40. Rxc3 Rxe2+ 41. Kg1 Rxe5 42. Kf2 hxg4 43. hxg4 Kf6 44. Rc7 d4 45. Rd7 Rd5 46. Ra7 d3 47. Ke1 d2+ 48. Kd1 Rd3 49. Ra4 Rxf3 50. Kxd2 Rf4 51. Ra8 Rxg4 52.
Ke3 Rf4 53. Ke2 Rf5 54. Ke3 g4 55. Rh8 g3 56. Rg8 Rg5 57. Rh8 g2 58. Rh6+ Kg7 59. Rh3 g1=Q+ 60. Ke2 Qg2+ 61. Ke1 Qxh3 62. Kf2 Rg2+ 63.
Ke1 Qh1# 0-1

[Event "*** Titled Tuesday Blitz"]
[Site "Chess.com"]
[Date "2018.05.01"]
[Round "4"]
[White "MITerryble"]
[Black "OparinGrigoriy"]
[Result "1/2-1/2"]
[WhiteElo "2685"]
[BlackElo "2871"]
[TimeControl "180+2"]
[EndTime "13:51:51 PDT"]
[Termination "Game drawn by agreement"]

1. d4 Nf6 2. Nf3 c6 3. c4 d5 4. Nc3 a6 5. cxd5 cxd5 6. Bf4 Nc6 7. e3 Bg4 8. Be2 e6 9. O-O Be7 10. Rc1 O-O 11. h3 Bh5 12. Ne5 Nxe5 13. Bxe5 Bxe2 14.
Qxe2 Nd7 15. Bg3 Qa5 16. Qc2 Rfc8 17. Qa4 Qxa4 18. Nxa4 b5 19. Nc3 Nb6 20. Ne2 Nc4 21. b3 Nd2 22. Rxc8+ Rxc8 23. Rc1 Rxc1+ 24. Nxc1 Ne4 25.
Ne2 Bb4 26. f3 Nc3 27. Nxc3 Bxc3 28. Kf1 f5 29. Be5 Bb4 30. Ke2 Kf7 31. Kd3 h5 32. Bf4 Be7 33. Be5 Bf6 34. Bxf6 Kxf6 35.
f4 g5 36. Kc3 a5 37. a3 h4 38. Kd3 g4 39. Ke2 g3 40. Kd3 b4 41. Kc2 Ke7 42. a4 1/2-1/2

[Event "*** Titled Tuesday Blitz"]
[Site "Chess.com"]
[Date "2018.05.01"]
[Round "4"]
[White "sergeikim"]
[Black "XiaoKangZhong"]
[Result "1-0"]
[WhiteElo "2368"]
[BlackElo "2196"]
[TimeControl "180+2"]
[EndTime "13:51:54 PDT"]
[Termination "sergeikim won by checkmate"]

1. d4 Nf6 2. c4 g6 3. Nc3 d5 4. cxd5 Nxd5 5. e4 Nxc3 6. bxc3 Bg7 7. Nf3 O-O 8. Be2 c5 9. O-O Qa5 10. Be3 Rd8 11. Qb3 Nc6 12. Rad1 a6 13. e5 b5 14. Ng5 e6 15. Ne4 cxd4 16. cxd4 Qb6 17.
d5 Qc7 18. dxc6 Rxd1 19. Rxd1 Bxe5 20. f4 Bxf4 21. Bxf4 Qxf4 22. Qf3 Qc7 23. Nf6+ Kh8 24. Qc3 e5 25. Nd5 Qa7+ 26. Kh1 Be6 27. Qxe5+ Kg8 28. Nf6+ Kg7 29. Ng4+ Kg8 30. Nh6+ Kf8 31. c7 Ke7 32. Qd6+ Kf6 33. Ng4+ Kg7 34. Qe5+ Kf8 35. Rd8+ Ke7 36. Qd6# 1-0

[Event "*** Titled Tuesday Blitz"]
[Site "Chess.com"]
[Date "2018.05.01"]
[Round "4"]
[White "Shtembuliak"]
[Black "PrinceCharming92"]
[Result "1-0"]
[WhiteElo "2680"]
[BlackElo "2442"]
[TimeControl "180+2"]
[EndTime "13:51:56 PDT"]
[Termination "Shtembuliak won by resignation"]

1. Nf3 d5 2. g3 Nf6 3. Bg2 c6 4. c4 Bf5 5. O-O e6 6. cxd5 exd5 7. d3 Bg6 8. Qb3 Qb6 9. Qc2 Be7 10. Ne5 O-O 11. Nxg6 hxg6 12. e4 dxe4 13. dxe4 Nbd7 14. Nc3 Rfe8 15. Be3 Qa5 16. h3 Bc5 17. Rae1 Bxe3 18. Rxe3 Rad8 19. f4 Qc5 20. Qf2 Nb6 21. Re2 Qxf2+ 22.
Kxf2 Rd3 23. e5 Nfd5 24. Ne4 Re7 25. Rc1 Nb4 26. a3 N4d5 27. h4 Na4 28. Rc4 Ndb6 29.
Rcc2 Red7 30. Nd6 Nc8 31. Nxb7 Rxb7 32. Bxc6 Rxb2 33. Rxb2 Nxb2 34. Rxb2 Nb6 35. a4 Rc3 36. Bb5 Nd5 37. Rd2 Ne3 38. Rd8+ Kh7 39. Be2 Nf5 40. Rd7 Nxg3 41. Bd3 Nh5 42. Ke3 a5 43. Rxf7 Ng3 44.
e6 Rc6 45. e7 Re6+ 46. Kd4 Nh5 47. f5 Rd6+ 48. Kc5 Rxd3 49. fxg6+ Kxg6 50. e8=Q 1-0

[Event "*** Titled Tuesday Blitz"]
[Site "Chess.com"]
[Date "2018.05.01"]
[Round "4"]
[White "Storne89"]
[Black "temiksmozg"]
[Result "0-1"]
[WhiteElo "2523"]
[BlackElo "2597"]
[TimeControl "180+2"]
[EndTime "13:51:56 PDT"]
[Termination "temiksmozg won by resignation"]

1. e4 e6 2. d4 d5 3. Nc3 Bb4 4. e5 Qd7 5. Qg4 f5 6. Qh5+ Qf7 7. Qd1 b6 8. Bb5+ c6 9. Ba4 Bxc3+ 10. bxc3 a5 11.
a3 b5 12. Bb3 a4 13. Ba2 Bd7 14. Nf3 h6 15. h4 Qh5 16. Rh3 Ne7 17. Bf4 O-O 18.
Kf1 Be8 19. Kg1 Nd7 20. Qd2 Ng6 21. Bh2 f4 22. c4 dxc4 23. c3 Nb6 24. Bb1 Nd5 25.
Be4 Nge7 26. Kh1 Bg6 27. Bxg6 Nxg6 28. Re1 Rf5 29. Qc2 Raf8 30. Nd2 f3 31. Nxf3 Rxf3 32.
Rxf3 Rxf3 33. gxf3 Qxf3+ 34. Kg1 Nxh4 35. Qe4 Qxe4 36.
Rxe4 Nf3+ 37. Kg2 Nd2 38. Re2 Nb1 39. f4 Nbxc3 40. Rb2 Nd1 41. Rd2 c3 42. Rxd1 Ne3+ 43. Kf3 Nxd1 44. Ke2 Nb2 0-1

[Event "*** Titled Tuesday Blitz"]
[Site "Chess.com"]
[Date "2018.05.01"]
[Round "4"]
[White "FabianoCaruana"]
[Black "grzechu96"]
[Result "1-0"]
[WhiteElo "2801"]
[BlackElo "2475"]
[TimeControl "180+2"]
[EndTime "13:51:58 PDT"]
[Termination "FabianoCaruana won by resignation"]

1. e4 c5 2. Nf3 d6 3. d4 cxd4 4. Nxd4 Nf6 5. Nc3 a6 6. Be3 e6 7. a4 Be7 8. g4 d5 9. exd5 Nxd5 10. Nxd5 Qxd5 11. Rg1 Nc6 12. Bg2 Qa5+ 13. c3 Bd7 14. Nb3 Qc7 15. Qe2 O-O 16. Nc5 Rfc8 17. Nxd7 Qxd7 18.
Be4 Na5 19. g5 Nc4 20. Rd1 Qxa4 21. Bxb7 Nxe3 22. fxe3 Qh4+ 23. Qf2 Bxg5 24. Qxh4 Bxh4+ 25. Ke2 Rab8 26. Bxc8 Rxc8 27. Rg4 Bf6 28. Ra4 Rb8 29. Rd2 Rb6 30. c4 Kf8 31. c5 Rxb2 32. Rxb2 Bxb2 33. Rxa6 Be5 34. h3 Ke8 35. Ra7 f5 36. c6 Kd8 37.
Rd7+ Ke8 38. Kd3 h6 39. Kc4 g5 40. Rh7 g4 41. hxg4 fxg4 42. c7 Bxc7 43. Rxc7 Kf8 44.
Kd3 1-0